 Dungeon Crawl Stone Soup version 0.30-a0-618-gd6c86c23d0 (webtiles) character file.

Game seed: 8603161422206396318

15271 greasedhog the Carver (level 12, -1/99 HPs)
             Began as a Merfolk Fighter on Jan 9, 2023.
             Was an Elder of Okawaru.
             Slain by Urug
             ... wielding a +2 glaive of protection
              (3 damage)
             ... on level 11 of the Dungeon.
             The game lasted 00:22:51 (14956 turns).

greasedhog the Carver (Merfolk Fighter)            Turns: 14956, Time: 00:22:52

Health: -1/99      AC: 13    Str: 16    XL:     12   Next: 25%
Magic:  10/17      EV: 21    Int:  9    God:    Okawaru [****..]
Gold:   589        SH: 12    Dex: 17    Spells: 10/11 levels left

rFire   + + .      SeeInvis +    s - +4 falchion
rCold   . . .      Faith    .    c - +1 buckler
rNeg    . . .      Spirit   .    L - +0 swamp dragon scales
rPois   +          Reflect  +    (no helmet)
rElec   +          Harm     .    d - +0 cloak
rCorr   +          Rampage  .    H - +0 pair of gloves
Will    .....                    q - +0 pair of boots of Beauty {*Corrode rElec rF++ Stlth+}
Stlth   +++                      y - amulet of reflection
HPRegen 0.36/turn                G - ring of see invisible
MPRegen 0.15/turn                J - ring of resist corrosion

@: heroic, finesse-ful, studying Polearms
A: (nimble swimmer 2), mertail
a: Renounce Religion, Heroism, Finesse


You were on level 11 of the Dungeon.
You worshipped Okawaru.
Okawaru was greatly pleased with you.
You visited 2 branches of the dungeon, and saw 12 of its levels.
You also visited: Sewer.

You collected 837 gold pieces.
You spent 248 gold pieces at shops.

Inventory:

Hand Weapons
 s - a +4 falchion (weapon)
 t - a +3 dagger of freezing
Armour
 c - a +1 buckler (worn)
 d - a +0 cloak (worn)
 m - a +1 pair of boots
 q - the +0 pair of boots of Beauty (worn) {*Corrode rElec rF++ Stlth+}
   (Okawaru gifted it to you on level 10 of the Dungeon)

   rF:        It greatly protects you from fire.
   rElec:     It insulates you from electricity.
   *Corrode:  It may corrode you when you take damage.
   Stlth:     It makes you more stealthy.
 v - a +0 ring mail
 H - a +0 pair of gloves (worn)
 L - +0 swamp dragon scales (worn)
Jewellery
 n - a ring of ice
 y - an amulet of reflection (around neck)
 z - a +6 ring of intelligence
 B - a ring of wizardry
 G - a ring of see invisible (left hand)
 J - a ring of resist corrosion (right hand)
 P - a +5 ring of evasion
Wands
 a - a wand of mindburst (10)
 F - a wand of paralysis (9)
 I - a wand of polymorph (6)
Scrolls
 e - 2 scrolls of amnesia
 i - 8 scrolls of teleportation
 l - a scroll of poison
 p - 3 scrolls of enchant weapon
 r - 3 scrolls of fog
 u - 3 scrolls of magic mapping
 D - a scroll of immolation
 E - a scroll of fear
 K - a scroll of silence
 M - 3 scrolls of blinking
Potions
 b - 2 potions of flight
 f - 9 potions of curing
 g - 8 potions of lignification
 h - 3 potions of brilliance
 j - a potion of magic
 k - 2 potions of mutation
 o - a potion of ambrosia
 w - a potion of heal wounds
 x - 2 potions of berserk rage
 A - 2 potions of attraction {unknown}
 C - a potion of degeneration {unknown}
 O - 2 potions of haste {unknown}


   Skills:
 * Level 10.8(15.8) Fighting
 - Level 14.1(19.1) Long Blades
 - Level 2.1(7.1) Armour
 * Level 13.7(18.7) Dodging
 - Level 3.0(8.0) Shields
 + Level 7.4 Invocations


You had 10 spell levels left.
You knew the following spells:

 Your Spells              Type           Power      Damage    Failure   Level
a - Apportation           Tloc           0%         N/A       65%         1

Your spell library contained the following spells:

 Spells                   Type           Power      Damage    Failure   Level
 Necrotise                Necr           0%         1d4       65%         1
 Hailstorm                Conj/Ice       0%         3d3       95%         3
 Portal Projectile        Hex/Tloc       0%         N/A       95%         3
 Vampiric Draining        Necr           0%         2d6       95%         3
 Anguish                  Hex/Necr       0%         N/A       100%        4
 Ice Form                 Ice/Tmut       0%         N/A       100%        4
 Leda's Liquefaction      Hex/Erth       0%         N/A       100%        4
 Agony                    Necr           0%         N/A       100%        5
 Alistair's Intoxication  Tmut/Pois      0%         N/A       100%        5
 Conjure Ball Lightning   Conj/Air       0%         3x3d6     100%        6
 Enfeeble                 Hex            0%         N/A       100%        7
 Discord                  Hex            0%         N/A       100%        8
 Disjunction              Tloc           0%         N/A       100%        8
 Call Canine Familiar     Summ           Unusable   N/A       N/A         3
 Simulacrum               Ice/Necr       Unusable   N/A       N/A         6

Dungeon Overview and Level Annotations

Branches:
Dungeon (11/15)            Temple (1/1) D:5             Orc (0/2) D:10
  Sewer (visited)
   Lair: D:8-11

Altars:
Ashenzari
Cheibriados
Dithmenos
Elyvilon
Fedhas
Gozag
Hepliaklqana
Kikubaaqudgha
Makhleb
Nemelex Xobeh
Okawaru
Qazlal
Ru
Sif Muna
Trog
Uskayaw
Vehumet
Wu Jian
Xom
Yredelemnul
Zin
The Shining One

Shops:
D:1 [   D:4 [   D:8 ?   D:9 !   D:10 *

Portals:
Trove: D:10 (give 4 scrolls of blinking)

Annotations:
D:6 2 transporters, DeadOnArrival's ghost, novice OpCj
D:11 Urug


Innate Abilities, Weirdness & Mutations

((You are very nimble when in or above water. (Stealth+, EV+, Speed+++)))
Your lower body shifts to a powerful aquatic tail in water.


Message History

Press: ? - help, Q - select action, (/) - cycle Shift-Dir - straight line, f/p - Urug
Aim: Urug, wielding a +2 glaive of protection, wearing a +3 chain mail of fire resistance and quivering javelins (moderately wounded, strong, very poisoned, slow, 62% to hit)
You throw a throwing net. The throwing net barely misses Urug.
You block Urug's attack.
You closely miss Urug.
Urug is moderately wounded.
You barely miss Urug.
Urug is moderately wounded.
You gain the combat prowess of a mighty hero.
Urug misses you.
You barely miss Urug.
Urug is moderately wounded.
You closely miss Urug.
Urug is moderately wounded.
Urug hits you with a +2 glaive of protection!!!
You can now deal lightning-fast blows.
You can no longer enter into single combat with a foe.
Okawaru will no longer gift you equipment.
You closely miss Urug.
Urug is moderately wounded.
You closely miss Urug.
Urug is moderately wounded.
You hit Urug but do no damage.
Urug is moderately wounded.
Urug misses you.
You hit Urug.
Urug is moderately wounded.
Urug is no longer moving slowly.
You hit Urug but do no damage.
Urug is moderately wounded.
You closely miss Urug.
Urug is moderately wounded.
Urug hits you with a +2 glaive of protection!!!
* * * LOW HITPOINT WARNING * * *
Aiming: Mindburst
Press: ? - help, Shift-Dir - straight line, f/p - Urug
Aim: Urug, wielding a +2 glaive of protection, wearing a +3 chain mail of fire resistance and quivering javelins (moderately wounded, strong, poisoned, chance to affect: 47%) Urug resists with some effort.
Urug hits you with a +2 glaive of protection.
You die...

#(. #.# ...
#.# #.# ##(##
#.o.# #.@.#
#...##
#####...####
#..........+
#.###....###
#.###..#.#
#.##..##.#
#.....##.#
#..#..##.#####
#+#


You could see Urug (strong, poisoned).

Vanquished Creatures
  A vault guard (D:10)
  2 two-headed ogres
  An ugly thing (D:11)
  A wolf spider zombie (D:7)
  A cyclops (D:9)
  4 centaur zombies (D:7)
  Maggie (D:10)
  2 kobold demonologists (D:10)
  An unseen horror (D:11)
  A komodo dragon (D:11)
  2 trolls
  2 hellwings (D:7)
  A hornet (D:9)
  A meliai zombie (D:7)
  18 yaks
  Menkaure (D:6)
  3 acid dragons
  Duvessa (D:7)
  5 orc warriors
  A black bear (D:7)
  An ice beast (D:6)
  3 sky beasts
  3 ogres
  3 centaurs (D:9)
  2 phantoms
  3 kobold brigands
  4 bullfrogs
  3 gnoll sergeants
  3 scorpions
  17 wights
  Dowan (D:7)
  6 killer bees (D:9)
  7 electric eels (D:8)
  7 howler monkeys
  Crazy Yiuf (D:3)
  A jelly (D:6)
  5 orc priests
  2 gnoll boudas
  5 hounds
  Natasha (twice) (D:4)
  6 iguanas
  7 orc wizards
  6 adders
  17 gnolls
  4 river rats
  7 shadow imps
  3 ufetubi
  4 worms
  8 dart slugs
  41 orcs
  6 ball pythons
  2 bats
  11 endoplasms
  4 giant cockroaches
  3 goblins
  3 hobgoblins
  7 jackals
  11 quokkas
  3 frilled lizards
  28 kobolds
  15 rats
325 creatures vanquished.

Vanquished Creatures (others)
  An orc wizard (D:5)
  15 plants
  7 withered plants (D:7)
23 creatures vanquished.

Grand Total: 348 creatures vanquished

Notes
Turn   | Place    | Note
-------+----------+-------------------------------------------
     0 | D:1      | greasedhog the Merfolk Fighter began the quest for the Orb.
     0 | D:1      | Reached XP level 1. HP: 18/18 MP: 1/1
    25 | D:1      | Reached skill level 1 in Dodging
    25 | D:1      | Reached XP level 2. HP: 12/25 MP: 2/2
    96 | D:1      | Reached skill level 3 in Long Blades
   381 | D:1      | Reached XP level 3. HP: 28/30 MP: 3/3
   554 | D:1      | Found Ashides's Armour Boutique.
  1173 | D:2      | Found a hide-covered altar of Uskayaw.
  1265 | D:2      | Reached XP level 4. HP: 35/37 MP: 4/4
  1732 | D:3      | Found a runed translucent door.
  1733 | D:3      | Noticed Crazy Yiuf
  1900 | D:3      | Found a faded altar of an unknown god.
  1963 | D:3      | Reached skill level 4 in Long Blades
  2636 | D:3      | Killed Crazy Yiuf
  2637 | D:3      | Reached XP level 5. HP: 43/43 MP: 5/5
  2849 | D:4      | Found a hide-covered altar of Uskayaw.
  2863 | D:4      | Noticed Natasha
  2884 | D:4      | Killed Natasha
  2885 | D:4      | Reached skill level 5 in Fighting
  3112 | D:4      | Found a bloodstained altar of Trog.
  3126 | D:4      | Found a white marble altar of Elyvilon.
  3140 | D:4      | Learned a level 1 spell: Apportation
  3246 | D:4      | Reached XP level 6. HP: 47/51 MP: 6/6
  3312 | D:4      | Reached skill level 5 in Long Blades
  3326 | D:4      | Noticed Natasha
  3329 | D:4      | Killed Natasha
  3473 | D:4      | Found Kedoag's Antique Armour Shoppe.
  3696 | D:5      | Entered Level 5 of the Dungeon
  3855 | D:5      | Reached XP level 7. HP: 53/57 MP: 7/7
  3863 | D:5      | Reached skill level 6 in Long Blades
  4370 | D:5      | Reached skill level 7 in Long Blades
  4481 | D:5      | Reached XP level 8. HP: 60/65 MP: 8/8
  4763 | D:5      | Found a staircase to the Ecumenical Temple.
  4769 | D:5      | Reached skill level 5 in Dodging
  4781 | Temple   | Entered the Ecumenical Temple
  4848 | Temple   | Became a worshipper of Warmaster Okawaru
  5195 | D:6      | Reached skill level 8 in Long Blades
  5332 | D:6      | Found a transporter.
  5334 | D:6      | Found a transporter.
  5341 | D:6      | Identified the +3 buckler of Loss {Dex+3}
  5398 | D:6      | Noticed DeadOnArrival's ghost (novice OpCj)
  5445 | D:6      | Reached * piety under Okawaru
  5573 | D:6      | Reached XP level 9. HP: 37/75 MP: 9/9
  5587 | D:6      | Noticed Menkaure
  5601 | D:6      | Killed Menkaure
  5602 | D:6      | Reached skill level 9 in Long Blades
  5695 | D:6      | Found a glowing drain.
  5706 | Sewer    | Entered a sewer
  5842 | Sewer    | Found a white marble altar of Elyvilon.
  6254 | D:7      | Noticed a troll
  6274 | D:7      | Reached ** piety under Okawaru
  6282 | D:7      | Killed a troll
  6283 | D:7      | Reached skill level 1 in Invocations
  6507 | D:7      | Found a radiant altar of Vehumet.
  6617 | D:7      | Reached skill level 10 in Long Blades
  6626 | D:7      | Noticed Duvessa
  6783 | D:7      | Noticed Dowan
  6831 | D:7      | Reached *** piety under Okawaru
  6851 | D:7      | Killed Dowan
  6867 | D:7      | Reached skill level 10 in Fighting
  6867 | D:7      | Reached XP level 10. HP: 75/85 MP: 10/12
  6999 | D:7      | Reached skill level 11 in Long Blades
  7024 | D:7      | Reached **** piety under Okawaru
  7456 | D:7      | Killed Duvessa
  7570 | D:7      | Found a broken altar of Ashenzari.
  7987 | D:8      | Found an ornate altar of the Wu Jian Council.
  8365 | D:8      | Found Joetall's Magic Scroll Shoppe.
  8375 | D:8      | Bought a scroll of identify for 24 gold pieces
  8375 | D:8      | Bought a scroll of identify for 24 gold pieces
  8375 | D:8      | Bought a scroll of fear for 48 gold pieces
  8375 | D:8      | Bought a scroll of identify for 24 gold pieces
  8375 | D:8      | Bought a scroll of identify for 24 gold pieces
  8689 | D:8      | Found a hazy altar of Hepliaklqana.
  9497 | D:8      | Reached skill level 10 in Dodging
  9781 | D:8      | Reached skill level 12 in Long Blades
 10175 | D:8      | Found a shadowy altar of Dithmenos.
 10435 | D:8      | Reached skill level 5 in Invocations
 10742 | D:9      | Reached XP level 11. HP: 75/90 MP: 14/14
 10874 | D:9      | Found a snail-covered altar of Cheibriados.
 10919 | D:9      | Found Xintal's Distillery.
 10927 | D:9      | Bought a potion of berserk rage for 65 gold pieces
 10927 | D:9      | Bought a potion of curing for 39 gold pieces
 10967 | D:9      | Noticed a cyclops
 10967 | D:9      | Noticed a two-headed ogre
 11004 | D:8      | Killed a two-headed ogre
 11266 | D:9      | Killed a cyclops
 11697 | D:9      | Reached skill level 13 in Long Blades
 11896 | D:10     | Entered Level 10 of the Dungeon
 11964 | D:10     | Noticed Maggie
 12000 | D:10     | Killed Maggie
 12000 | D:10     | Reached ***** piety under Okawaru
 13178 | D:10     | Noticed a vault guard
 13215 | D:10     | Killed a vault guard
 13221 | D:10     | Found a portal to a secret trove of treasure.
 13419 | D:10     | Found Homebu's Assorted Antiques.
 13480 | D:10     | Found a shimmering blue altar of Sif Muna.
 13480 | D:10     | Found a faded altar of an unknown god.
 13488 | D:10     | Found a faded altar of an unknown god.
 13493 | D:10     | Found a sparkling altar of Nemelex Xobeh.
 13495 | D:10     | Found a glowing golden altar of the Shining One.
 13756 | D:10     | Found a staircase to the Orcish Mines.
 13777 | D:10     | Identified the +0 pair of boots of Beauty {*Corrode rElec
                  | rF++ Stlth+} (Okawaru gifted it to you on level 10 of the
                  | Dungeon)
 13777 | D:10     | Received a gift from Okawaru
 13778 | D:10     | Reached skill level 14 in Long Blades
 14096 | D:11     | Noticed a cyan ugly thing
 14142 | D:11     | Killed a cyan ugly thing
 14143 | D:11     | Reached XP level 12. HP: 30/97 MP: 17/17
 14387 | D:11     | Found a glowing golden altar of the Shining One.
 14450 | D:11     | Noticed a two-headed ogre
 14476 | D:11     | Killed a two-headed ogre
 14936 | D:11     | Noticed Urug
 14955 | D:11     | HP: 2/99 [Urug/+2 glaive of protection (38)]
 14956 | D:11     | Slain by Urug

Illustrated notes

Levels and vault maps discovered:
D:1:      lightli_arrival_maybe_door_vault, layout_basic, serial_shops, shop,
          chequers_serial_rivers_marsh
D:2:      layout_basic, basic_altar, hangedman_decor_peaks_small,
          kennysheep_donut
D:3:      layout_basic, ebering_ecumenical_altar_sacrificial, kennysheep_path_1,
          hangedman_glass_teeth, uniq_crazy_yiuf_cottage
D:4:      layout_gridville, mainiacjoe_overflow_catwalk_spiral,
          mainiacjoe_overflow_concentric_impassable, serial_shops, shop,
          uniq_natasha
D:5:      layout_basic, minmay_temple_entry_mist, minmay_manual_mess
D:6:      minmay_razor_zed, layout_cave_pools, gammafunk_ghost_gnarly_gnolls,
          portal_sewer_entry_a, kennysheep_generic_room_4, uniq_menkaure
D:7:      cheibrodos_grave_circle, layout_rooms,
          mainiacjoe_overflow_small_starburst, mainiacjoe_overflow_catwalk,
          skrybe_limestone_x, uniq_duvessa
D:8:      layout_layer_cave, grunt_dithmenos_shadows, lemuel_round_altar,
          amcnicky_altar_gilded, serial_bayou, serial_bayou_pond_c,
          serial_bayou_lagoon_a, serial_bayou_shore_b, serial_bayou_lake_a,
          serial_shops, nicolae_lakefront_shop, hangedman_decor_growths
D:9:      layout_long_grid, mainiacjoe_overflow_alcove_4, serial_shops,
          shop_statue, st_stairs_11
D:10:     layout_roguey, chequers_temple_overflow_minitemple, david_orc_5,
          enter_trove_5, serial_shops, kennysheep_mini_moat, uniq_maggie
D:11:     kennysheep_kobold_lugonu_temple, layout_loops_corners,
          david_lair_shrubbed, tso_altar, uniq_urug
Temple:   eino_wide_crystal_templ

Skill      XL: |  1  2  3  4  5  6  7  8  9 10 11 |
---------------+----------------------------------+-----
Dodging        | 1 2 3 4 6 7 10 13 | 13.7
Long Blades    | 3 4 5 7 8 10 12 14 | 14.1
Fighting       | 4 5 6 8 10 | 10.8
Invocations    | 3 5 7 |  7.4
Armour         | |  2.1
Shields        | |  3.0

Action                   |  1- 3 |  4- 6 |  7- 9 | 10-12 || total
-------------------------+-------+-------+-------+-------++-------
Melee: Long sword        |   107 |   194 |    25 |       ||   326
       Tailslap          |       |     2 |     2 |       ||     4
       Falchion          |       |       |   340 |   898 ||  1238
Throw: Dart              |       |       |       |     6 ||     6
       Throwing net      |       |       |       |     1 ||     1
Invok: Heroism           |       |       |       |     7 ||     7
       Finesse           |       |       |       |     2 ||     2
Evoke: Wand              |       |       |     3 |    11 ||    14
  Use: Scroll            |     8 |       |     4 |     7 ||    19
       Potion            |       |     1 |       |     2 ||     3
Armor: Scale mail        |    69 |    96 |    37 |       ||   202
       Ring mail         |       |       |    59 |    49 ||   108
       Swamp dragon scal |       |       |       |    49 ||    49
Dodge: Dodged            |    62 |   108 |   177 |   348 ||   695
Block: Buckler           |    29 |    76 |   112 |   349 ||   566
       Reflection        |       |       |     1 |    12 ||    13

Table legend: (Time is in decaauts)
 A = Elapsed time spent in this place.
 B = Non-inter-level travel time spent in this place.
 C = Inter-level travel time spent in this place.
 D = Time resting spent in this place.
 E = Time spent auto-exploring this place.
 F = Levels seen in this place.
 G = Mean time per level.
                   A        B        C        D        E       F      G
               +--------+--------+--------+--------+--------+-----+--------+
         Total |  14617 |  14118 |    499 |   3372 |   7850 |  13 | 1124.4 |
       Dungeon |  14397 |  13914 |    483 |   3372 |   7718 |  11 | 1308.8 |
        Temple |     73 |     57 |     16 |      0 |     44 |   1 |   73.0 |
         Sewer |    147 |    147 |      0 |      0 |     87 |   1 |  147.0 |
               +--------+--------+--------+--------+--------+-----+--------+

Top non-repeatable levels by time:
     D:8: 2909 daAuts
    D:10: 1665 daAuts
     D:7: 1464 daAuts
     D:9: 1440 daAuts
     D:5: 1179 daAuts
     D:4: 1120 daAuts
     D:1: 1031 daAuts
     D:3: 1014 daAuts
     D:6: 935 daAuts
    D:11: 908 daAuts
     D:2: 728 daAuts
   Sewer: 147 daAuts
  Temple: 73 daAuts
